AoeStats
← kkkg

Arena

510073543Analyzed
2v2 RM · 3d ago on Sep 29, 2026· 43m 11s· 4 players
Game mode
Random Map
Map size
Medium (4 player)
Population
200
Speed
Normal
Resources
Standard
Victory
Conquest
Starting age
Dark Age
Ending age
Imperial Age
RankedLock teamsTeams togetherTeam positionsShared explorationLock speedFull tech treeHidden civsTurbo modeCheats
Victory
Defeat
1100
+13
🇨🇳 Poles · China
1002
+17
🇮🇩 Britons · Indonesia
1040
-44
🇭🇰 Teutons · Hong Kong SAR China
1031
-15
brain888hk
8:02 Loom
10:28 Feudal Age
20:47 Wheelbarrow
22:19 Castle Age
21:19 Arson
20:55 Man-at-Arms
21:38 Scale Mail Armor
21:48 Forging
21:25 Horse Collar
21:35 Double-Bit Axe
22:28 Long Swordsman
24:12 Bow Saw
25:41 Gambesons
26:45 Crossbowman
27:57 Fletching
30:34 Squires
31:12 Bodkin Arrow
31:53 Gold Mining
31:54 Stone Mining
35:12 Ballistics
35:07 Fortified Wall
35:39 Wheelbarrow
39:59 Imperial Age
37:01 Pikeman
39:25 Redemption
44:14 Chemistry
42:51 Two-Handed Swordsman
riqueladitya25
10:56 Feudal Age
11:37 Double-Bit Axe
12:31 Wheelbarrow
12:12 Loom
12:56 Horse Collar
15:27 Gold Mining
21:35 Castle Age
19:56 Stone Mining
20:21 Fletching
21:17 Padded Archer Armor
22:21 Heavy Plow
23:03 Gold Shaft Mining
23:28 Hand Cart
25:34 Bow Saw
25:27 Bodkin Arrow
25:49 Leather Archer Armor
26:01 Crossbowman
26:51 Husbandry
28:25 Forging
28:22 Scale Barding Armor
28:53 Fervor
29:55 Ballistics
29:42 Loom
29:23 Light Cavalry
30:47 Iron Casting
30:33 Chain Barding Armor
30:01 Treadmill Crane
30:17 Murder Holes
31:27 Masonry
32:52 Yeomen
36:48 Imperial Age
37:45 Bracer
38:24 Ring Archer Armor
37:49 Elite Longbowman
40:20 Chemistry
39:52 Conscription
41:31 Architecture
kkkg
10:59 Feudal Age
14:46 Double-Bit Axe
15:25 Horse Collar
18:51 Castle Age
16:57 Stone Mining
18:06 Gold Mining
19:11 Loom
26:32 Wheelbarrow
26:44 Heavy Plow
27:08 Bow Saw
32:35 Imperial Age
30:54 Scale Barding Armor
30:59 Forging
30:52 Scale Mail Armor
30:51 Fletching
31:02 Padded Archer Armor
31:56 Hand Cart
31:29 Town Watch
32:37 Szlachta Privileges
33:43 Chain Mail Armor
34:04 Iron Casting
33:49 Chain Barding Armor
33:46 Bloodlines
34:04 Husbandry
33:25 Cavalier
35:18 Leather Archer Armor
34:58 Bodkin Arrow
35:34 Plate Mail Armor
34:48 Treadmill Crane
35:30 Ballistics
36:11 Chemistry
36:05 Conscription
36:19 Bracer
37:38 Blast Furnace
37:07 Thumb Ring
36:23 Elite Skirmisher
这是我的弟弟约翰
10:36 Feudal Age
14:14 Castle Age
12:40 Double-Bit Axe
14:55 Stone Mining
18:30 Fletching
22:29 Horse Collar
26:26 Heavy Plow
26:40 Bow Saw
29:53 Gold Mining
30:27 Bodkin Arrow
34:34 Imperial Age
33:36 Wheelbarrow
33:42 Pikeman
34:23 Squires
34:59 Hand Cart
34:59 Town Watch
36:22 Chemistry
35:10 Arrowslits
35:13 Cavalier
36:05 Bloodlines
35:28 Elite Skirmisher
36:39 Crenellations
39:47 Forging
39:37 Scale Mail Armor
41:43 Elite Teutonic Knight
42:54 Loom
43:10 Town Patrol
Connection lost

Rejoining the realm…

Still unreachable

The connection could not be restored.

Session expired

The server has moved on; the page needs a fresh start.